 Dungeon Crawl Stone Soup version 0.19.0-19-g8c6edcc (webtiles) character file.

79 Monsterracer the Poker (level 4, -1/34 HPs)
             Began as a Merfolk Skald on Nov 13, 2016.
             Slain by Grinder (2 damage)
             ... while paralysed by Grinder
             ... on level 3 of the Dungeon.
             The game lasted 00:07:10 (1427 turns).

Monsterracer the Poker (Merfolk Skald)              Turns: 1427, Time: 00:07:11

Health: -1/34      AC:  7    Str: 11 (12) XL:     4   Next: 38%
Magic:  2/7        EV:  2    Int: 10 (12) God:
Gold:   65         SH:  0    Dex: 11 (13) Spells: 3 memorised, 2 levels left

rFire  . . .     SeeInvis .     a - +0 spear
rCold  . . .     Gourm    .     b - +0 leather armour
rNeg   . . .     Faith    .     (no shield)
rPois  .         Spirit   .     h - +0 helmet
rElec  .         Reflect  .     (no cloak)
rCorr  .         Harm     .     (no gloves)
MR     .....                    j - +2 pair of boots
Stlth  +.........               (no amulet)
                                (no ring)
                                (no ring)

@: paralysed
A: change form in water, swift swim, stealthy swim
a: no special abilities


You were on level 3 of the Dungeon.
You were near starving.

You visited 1 branch of the dungeon, and saw 3 of its levels.

You collected 65 gold pieces.

Inventory:

Hand Weapons
 a - a +0 spear (weapon)
Armour
 b - a +0 leather armour (worn)
 h - a +0 helmet (worn)
 j - a +2 pair of boots (worn)
Scrolls
 e - a scroll of fog {unknown}
 f - a scroll of random uselessness {unknown}
 i - 3 scrolls of remove curse {unknown}
 k - 4 scrolls of identify {unknown}
 l - a scroll of blinking {unknown}
 n - a scroll of teleportation {unknown}
Books
 c - a book of Battle

   Spells                             Type                      Level
   a - Infusion                       Charms                       1
   b - Shroud of Golubria             Charms/Translocation         2
   c - Song of Slaying                Charms                       2
   d - Spectral Weapon                Hexes/Charms                 3
   e - Regeneration                   Charms/Necromancy            3
Comestibles
 d - 3 bread rations
 g - 2 fruits
 m - a meat ration


   Skills:
 + Level 2.3 Fighting
 * Level 5.1 Polearms
 - Level 0.6 Armour
 + Level 1.3 Dodging
 + Level 2.0 Spellcasting
 * Level 4.3 Charms


You had 2 spell levels left.
You knew the following spells:

 Your Spells              Type           Power        Failure   Level  Hunger
a - Infusion              Chrm           #...         10%         1    ##.....
b - Song of Slaying       Chrm           #.......     12%         2    ###....
c - Shroud of Golubria    Chrm/Tloc      #.........   28%         2    ###....


Dungeon Overview and Level Annotations

Branches:
Dungeon (3/15)

Altars:

Annotations:
D:3 Grinder


Message History

Grinder hits you.
You hit Grinder.
Grinder is moderately wounded.
Your shroud unravels.
Grinder gestures at you.
You suddenly lose the ability to move!
Grinder hits you.
You writhe in agony.
* * * LOW HITPOINT WARNING * * *
Grinder gestures at you. You resist with significant effort.
Grinder barely misses you. Grinder hits you.
* * * LOW HITPOINT WARNING * * *
Grinder gestures at you. Pain shoots through your body!
* * * LOW HITPOINT WARNING * * *
Grinder hits you.
* * * LOW HITPOINT WARNING * * *
You writhe in agony.
You die...

#.# .#.# ##...##
#.##### #.. .. ##
##+#### #.# ### #..
.....# #.# #.##.##.#
#.# #.#.##.# #.#
##...#.# #.#
##..[...# #.#
####.#.....#.# #.#
#.....5@.....#####.#
..............)....#
#.###.......########
###...### .....#
#####.# #.# ...


You could see Grinder.

Vanquished Creatures
  3 adders
  An ooze (D:1)
  A worm (D:2)
  3 giant cockroaches
  6 goblins
  4 hobgoblins
  4 jackals (D:2)
  A quokka (D:2)
  A ball python (D:3)
  7 bats
  5 frilled lizards
  4 kobolds
  5 rats
45 creatures vanquished.

Notes
Turn   | Place    | Note
-------+----------+-------------------------------------------
     0 | D:1      | Monsterracer the Merfolk Skald began the quest for the Orb.
     0 | D:1      | Reached XP level 1. HP: 16/16 MP: 3/3
   149 | D:1      | Reached XP level 2. HP: 19/22 MP: 5/5
   153 | D:1      | Learned a level 2 spell: Song of Slaying
   156 | D:1      | Learned a level 2 spell: Shroud of Golubria
   357 | D:1      | Reached skill level 4 in Polearms
   502 | D:2      | Reached XP level 3. HP: 22/27 MP: 6/6
   878 | D:2      | Reached skill level 5 in Polearms
   878 | D:2      | Reached XP level 4. HP: 33/33 MP: 2/7
  1367 | D:3      | Noticed Grinder
  1421 | D:3      | Paralysed by Grinder for 6 turns
  1427 | D:3      | HP: 1/34 [Grinder (1)]
  1427 | D:3      | Slain by Grinder

Skill      XL: |  1  2  3 |
---------------+----------+-----
Polearms       | 4 5 |  5.1
Charms         | 4 |  4.3
Fighting       | |  2.3
Armour         | |  0.6
Dodging        | |  1.3
Spellcasting   | |  2.0

Action                   |  1- 3 |  4- 6 || total
-------------------------+-------+-------++-------
Melee: Spear             |   126 |    60 ||   186
 Cast: Shroud of Golubri |     1 |     3 ||     4
       Song of Slaying   |     1 |     1 ||     2
  Use: Potion            |     4 |     1 ||     5
 Stab: Sleeping          |     1 |       ||     1
  Eat: Chunk             |       |     1 ||     1
Armor: Leather armour    |    32 |    13 ||    45
Dodge: Dodged            |    90 |    22 ||   112
